 Dungeon Crawl Stone Soup version 0.29.0-11-gd7f09526c8 (webtiles) character file.

Game seed: 11238731688949427873

13449 enile the Zephyrmancer (level 12, -15/109 HPs)
             Began as a Tengu Air Elementalist on Sept 6, 2022.
             Was an Elder of Sif Muna.
             Demolished by a dire elephant (27 damage)
             ... in a Gauntlet.
             The game lasted 00:21:40 (18072 turns).

enile the Zephyrmancer (Tengu Air Elementalist)    Turns: 18072, Time: 00:21:40

Health: -15/109    AC: 26    Str:  9    XL:     12   Next: 6%
Magic:  25/25      EV:  2    Int: 21    God:    Sif Muna [****..]
Gold:   547        SH:  5    Dex: 14    Spells: 15/27 levels left

rFire   + . .      SeeInvis +   x - +0 dagger (venom)
rCold   . . .      Faith    .   j - orb {light}
rNeg    . . .      Spirit   .   (body armour currently unavailable)
rPois   +          Reflect  +   (helmet currently unavailable)
rElec   .          Harm     .   (cloak currently unavailable)
rCorr   .          Rampage  .   (gloves currently unavailable)
Will    .....      NoTele   +   (boots unavailable)
Stlth   +.........              B - amulet of reflection
HPRegen 0.28/turn               E - ring of see invisible
MPRegen 0.19/turn               c - ring of protection from fire

@: tree-form, glowing
A: stationary, stasis, torment immunity, boosted hp, (beak), (talons 3), nimble
flight, (antennae 1)
a: Renounce Religion, Channel Magic, Forget Spell, Divine Exegesis


You were in a Gauntlet.
You worshipped Sif Muna.
Sif Muna was greatly pleased with you.
You were a tree.
You visited 2 branches of the dungeon, and saw 12 of its levels.
You also visited: Gauntlet.

You collected 547 gold pieces.

Inventory:

Hand Weapons
 d - a +0 short sword
 t - a +2 whip of venom
 v - a +0 rapier
 w - a +4 great sword
 x - a +0 dagger of venom (weapon)
Armour
 a - a +0 robe
 j - an orb of light (worn)
 y - a scarf of resistance (melded)
 H - a +0 troll leather armour (melded)
Jewellery
 c - a ring of protection from fire (right branch)
 l - a +6 ring of strength
 B - an amulet of reflection (around neck)
 E - a ring of see invisible (left branch)
Wands
 m - a wand of polymorph (6)
 z - a wand of roots (3)
Scrolls
 g - a scroll of enchant armour
 h - 2 scrolls of blinking
 i - 5 scrolls of teleportation
 o - 3 scrolls of enchant weapon
 r - a scroll of amnesia
 u - a scroll of silence
Potions
 b - 5 potions of might
 e - 2 potions of curing
 f - a potion of heal wounds
 n - 3 potions of lignification
 q - 3 potions of flight
 s - 2 potions of mutation
 A - a potion of degeneration {unknown}
 D - a potion of invisibility {unknown}
 G - a potion of resistance {unknown}
Miscellaneous
 C - a box of beasts (inert)


   Skills:
 + Level 7.7 Fighting
 - Level 3.0 Short Blades
 - Level 3.0 Armour
 - Level 8.0 Dodging
 - Level 4.0 Stealth
 - Level 8.0 Spellcasting
 - Level 6.0 Conjurations
 - Level 3.0 Summonings
 - Level 11.0 Air Magic
 - Level 6.0 Invocations
 - Level 5.0 Evocations


You had 15 spell levels left.
You knew the following spells:

 Your Spells              Type           Power      Damage    Failure   Level
a - Shock                 Conj/Air       100%       1d9       1%          1
b - Swiftness             Air            53%        N/A       1%          3
c - Airstrike             Air            26%        2d(4-20)  1%          4
d - Mephitic Cloud        Conj/Pois/Air  32%        N/A       2%          3
e - Summon Small Mammal   Summ           84%        N/A       2%          1

Your spell library contained the following spells:

 Spells                   Type           Power      Damage    Failure   Level
 Static Discharge         Conj/Air       44%        3-9/arc   1%          2
 Summon Lightning Spire   Summ/Air       37%        N/A       4%          4
 Call Canine Familiar     Summ           21%        N/A       7%          3
 Conjure Flame            Conj/Fire      21%        6-21      7%          3
 Dazzling Flash           Conj/Hex       42%        N/A       7%          3
 Lightning Bolt           Conj/Air       22%        1d37      7%          5
 Ensorcelled Hibernation  Hex/Ice        16%        N/A       12%         2
 Summon Guardian Golem    Hex/Summ       14%        N/A       13%         3
 Sticky Flame             Conj/Fire      21%        2d4       22%         4
 Freezing Cloud           Conj/Ice/Air   16%        6-21      22%         5
 Silence                  Hex/Air        15%        N/A       22%         5
 Confusing Touch          Hex            8%         N/A       24%         3
 Ignite Poison            Fire/Tmut/Pois 8%         N/A       24%         3
 Spider Form              Tmut/Pois      8%         N/A       24%         3
 Tukima's Dance           Hex            8%         N/A       24%         3
 Anguish                  Hex/Necr       4%         N/A       61%         4
 Passage of Golubria      Tloc           8%         N/A       61%         4
 Agony                    Necr           8%         N/A       91%         5
 Yara's Violent Unravell  Hex/Tmut       4%         3d4       91%         5
 Enfeeble                 Hex            4%         N/A       100%        7


Dungeon Overview and Level Annotations

Branches:
Dungeon (11/15)            Temple (0/1) D:5            Lair (1/5) D:10
    Orc (0/2) D:9         Gauntlet (1/1)

Altars:
Cheibriados
Dithmenos
Fedhas
Kikubaaqudgha
Nemelex Xobeh
Sif Muna
Trog
Vehumet

Shops:
D:7 (   D:8 =

Annotations:
D:7 3 runed translucent doors, robertstho's ghost, novice VSBe Gauntlet 7 transporters


Innate Abilities, Weirdness & Mutations

You are a tree.
Your roots penetrate the ground, keeping you stationary.
You cannot be teleported.
You are immune to unholy pain and torment.
Your maximum health is greatly increased.
Your equipment is partially melded.
((You have a beak for a mouth.))
((You have claws for feet.))
Your magical nature lets you fly swiftly and evasively.
((You have a pair of small antennae on your head.))


Message History

Okay, then.
Okay, then.
Aiming: Fastroot
Press: ? - help, Shift-Dir - straight line, f - you, p - dire elephant The roots erupt in riotous growth!
The grasping roots constrict the dire elephant!
The grasping roots constrict the elephant.
The roots release their grip on the dire elephant.
The roots release their grip on the elephant.
Aiming: Fastroot
Press: ? - help, Shift-Dir - straight line, f - dire elephant
Aim: a dire elephant (lightly wounded, haloed)
The roots erupt in riotous growth!
Roots grab the dire elephant.
The grasping roots constrict the dire elephant, but do no damage.
The dire elephant tramples you!
You are shoved backwards!
The roots lose their grip on the dire elephant.
Okay, then.
Read: scroll of fear
Press: ? - help, Q - select action, (/) - cycle Dir - look around, f - activate Look: a dire elephant (lightly wounded, haloed, chance to affect: 47%)
Okay, then.
It was a potion of lignification.
You turn into a tree.
Your scarf of resistance melds into your body.
Your +0 troll leather armour melds into your body.
You feel hot and cold all over.
Your roots penetrate the ground.
The dire elephant tramples you!
* * * LOW HITPOINT WARNING * * *
The dire elephant trunk-slaps you but does no damage.
It was a potion of flight.
Your roots keep you in place.
It was a potion of mutation.
You feel extremely strange. A pair of antennae grows on your head!
The dire elephant tramples you.
* * * LOW HITPOINT WARNING * * *
The dire elephant trunk-slaps you!
* * * LOW HITPOINT WARNING * * *
As you read the scroll of fear, it crumbles to dust.
You assume a fearsome visage.
The dire elephant easily resists.
The elephant looks frightened! x2; The dire elephant tramples you!!
You die...

.##©...#.#34$5|..#.≈##
##################.##
..#©.........©#....≈##
⌠.#.⌠.⌠.⌠.⌠.⌠.#.⌠..≈≈#
..#©.........©#....≈##
########.#########.##
..8#833#.#.......#.≈##
...8.33#.####.####.≈≈#
8.8^8.8#.#..#.#Y♣#.≈##
#8.©.8####.##©##.#.##
8.8^8.8#.#.#...#Y#.≈##
...8...#.#.#...#.#.≈≈#
.$$©.".#.#.=.©.YY#.≈##
########.#########.##
...................≈##
≈≈≈#..∩.⌠.∩..#≈≈≈#≈≈≈#
#≈###.......###≈###≈##


You could see a dire elephant and 3 elephants.

Vanquished Creatures
  Erolcha (D:10)
  A boulder beetle (D:10)
  An ogre mage (D:10)
  2 two-headed ogres (D:10)
  A death yak (D:10)
  A cyclops (D:10)
  A cane toad (Lair:1)
  A gargoyle (D:9)
  3 komodo dragons (Lair:1)
  2 trolls
  Grinder (D:6)
  Sigmund (D:4)
  4 shadows
  A ynoxinul (Gauntlet)
  3 yaks (Lair:1)
  A wyvern (D:8)
  3 steam dragons
  Eustachio (D:6)
  Menkaure (D:6)
  4 vampire mosquitoes
  Edmund (D:6)
  An acid dragon (D:10)
  2 water moccasins
  5 orc warriors
  A black bear (D:6)
  4 ogres
  3 ice beasts
  A sky beast (D:8)
  3 phantoms
  2 centaurs
  A kobold brigand (D:8)
  7 bullfrogs
  A gnoll sergeant (D:10)
  A necrophage (D:7)
  4 scorpions
  10 wights
  12 killer bees
  4 howler monkeys
  3 hounds
  A jelly (D:7)
  3 orc priests
  A gnoll bouda (D:6)
  Jessica (D:2)
  3 iguanas
  2 orc wizards
  15 gnolls
  An adder (D:5)
  A river rat (D:10)
  2 shadow imps
  2 white imps
  3 ufetubi
  A worm (D:2)
  A dart slug (D:2)
  30 orcs
  4 endoplasms
  4 giant cockroaches
  6 goblins
  7 hobgoblins
  7 quokkas
  4 ball pythons
  6 bats
  6 frilled lizards
  9 kobolds
  10 rats
230 creatures vanquished.

Vanquished Creatures (collateral kills)
  3 iron imps (Gauntlet)
3 creatures vanquished.

Vanquished Creatures (others)
  A demonic plant (Gauntlet)
  20 plants
21 creatures vanquished.

Grand Total: 254 creatures vanquished

Notes
Turn   | Place    | Note
-------+----------+-------------------------------------------
     0 | D:1      | enile the Tengu Air Elementalist began the quest for the
                  | Orb.
     0 | D:1      | Reached XP level 1. HP: 10/10 MP: 4/4
   216 | D:1      | Reached skill level 1 in Fighting
   292 | D:1      | Found a faded altar of an unknown god.
   351 | D:1      | Reached XP level 2. HP: 16/16 MP: 4/6
   909 | D:1      | Reached XP level 3. HP: 21/21 MP: 2/7
  1615 | D:1      | Prayed at the altar of an unknown god.
  1615 | D:1      | Became a worshipper of Sif Muna the Loreminder
  1615 | D:1      | Reached * piety under Sif Muna
  2375 | D:2      | Reached skill level 1 in Invocations
  2375 | D:2      | Reached XP level 4. HP: 26/26 MP: 0/9
  2624 | D:2      | Noticed Jessica
  2627 | D:2      | Killed Jessica
  3042 | D:3      | Reached ** piety under Sif Muna
  3119 | D:3      | Found a blossoming altar of Fedhas.
  3203 | D:3      | Found a bloodstained altar of Trog.
  3426 | D:4      | Learned a level 3 spell: Swiftness
  3430 | D:4      | Learned a level 3 spell: Mephitic Cloud
  3453 | D:4      | Gained mutation: Your magical nature lets you fly swiftly
                  | and evasively. [Tengu growth]
  3453 | D:4      | Reached XP level 5. HP: 30/30 MP: 5/10
  3550 | D:4      | Reached skill level 5 in Air Magic
  3922 | D:4      | Noticed Sigmund
  4153 | D:5      | Entered Level 5 of the Dungeon
  4153 | D:5      | Noticed an ice beast
  4559 | D:4      | Noticed an ogre
  4634 | D:4      | Killed an ogre
  4635 | D:4      | Reached skill level 6 in Air Magic
  4635 | D:4      | Reached XP level 6. HP: 17/35 MP: 5/12
  4655 | D:3      | Learned a level 4 spell: Airstrike
  5287 | D:4      | Killed Sigmund
  5288 | D:4      | Reached XP level 7. HP: 29/40 MP: 2/14
  5782 | D:4      | HP: 1/42 [ice beast (13)]
  6081 | D:4      | Learned a level 1 spell: Summon Small Mammal
  6388 | D:5      | Found a staircase to the Ecumenical Temple.
  6770 | D:5      | Reached skill level 5 in Spellcasting
  6770 | D:5      | Reached XP level 8. HP: 48/48 MP: 11/16
  7852 | D:5      | Reached skill level 7 in Air Magic
  8254 | D:6      | Noticed Edmund
  8258 | D:6      | Killed Edmund
  8259 | D:6      | Reached skill level 8 in Air Magic
  8265 | D:6      | Noticed Menkaure
  8628 | D:6      | Killed Menkaure
  8629 | D:6      | Reached XP level 9. HP: 28/53 MP: 6/19
  8825 | D:6      | Reached skill level 5 in Fighting
  9017 | D:6      | Noticed Grinder
  9025 | D:6      | Killed Grinder
  9183 | D:6      | Reached skill level 5 in Dodging
  9431 | D:6      | Noticed Eustachio
  9441 | D:6      | Killed Eustachio
 10100 | D:7      | Reached skill level 1 in Summonings
 10211 | D:7      | Found a snail-covered altar of Cheibriados.
 10270 | D:7      | Found an ancient bone altar of Kikubaaqudgha.
 10270 | D:7      | Found a sparkling altar of Nemelex Xobeh.
 10317 | D:7      | Found a runed translucent gate.
 10318 | D:7      | Found a runed translucent gate.
 10371 | D:7      | Found Aveuf's Weapon Boutique.
 10671 | D:7      | Reached *** piety under Sif Muna
 10872 | D:7      | Found a runed translucent gate.
 10874 | D:7      | Noticed robertstho's ghost (novice VSBe)
 10884 | D:7      | Reached skill level 9 in Air Magic
 11034 | D:7      | Reached XP level 10. HP: 60/60 MP: 3/20
 11624 | D:8      | Reached skill level 10 in Air Magic
 12332 | D:8      | Found a radiant altar of Vehumet.
 12740 | D:8      | Found Wuepn's Jewellery Emporium.
 13495 | D:9      | Reached skill level 5 in Evocations
 13825 | D:9      | Reached **** piety under Sif Muna
 13934 | D:9      | Noticed a gargoyle
 13937 | D:9      | Killed a gargoyle
 14852 | D:9      | Found a staircase to the Orcish Mines.
 15061 | D:10     | Entered Level 10 of the Dungeon
 15298 | D:10     | Reached XP level 11. HP: 26/64 MP: 4/24
 15424 | D:10     | Noticed a cyclops
 15428 | D:10     | Found a shadowy altar of Dithmenos.
 15509 | D:10     | Killed a cyclops
 15708 | D:10     | Noticed a two-headed ogre
 15712 | D:10     | Killed a two-headed ogre
 15713 | D:10     | Reached skill level 5 in Conjurations
 15962 | D:10     | Noticed an ogre mage
 15963 | D:10     | Noticed a boulder beetle
 15996 | D:10     | Killed an ogre mage
 16103 | D:10     | Reached ***** piety under Sif Muna
 16143 | D:10     | Killed a boulder beetle
 16144 | D:10     | Reached skill level 11 in Air Magic
 16144 | D:10     | Reached skill level 1 in Short Blades
 16495 | D:10     | Found a staircase to the Lair.
 16495 | D:10     | Noticed a death yak
 16495 | D:10     | Noticed a death yak
 16496 | D:10     | Noticed a death yak
 16534 | D:10     | Killed a death yak
 16603 | D:10     | Noticed Erolcha
 16793 | D:10     | Noticed a two-headed ogre
 16803 | D:10     | Killed a two-headed ogre
 16803 | D:10     | Received a gift from Sif Muna
 16804 | D:10     | Reached skill level 5 in Invocations
 17106 | D:10     | Killed Erolcha
 17156 | Lair:1   | Entered Level 1 of the Lair of Beasts
 17169 | Lair:1   | Reached skill level 1 in Armour
 17556 | Lair:1   | Reached XP level 12. HP: 71/72 MP: 13/25
 17595 | Lair:1   | Found a gate leading to a gauntlet.
 17603 | Gauntlet | Entered a Gauntlet
 17603 | Gauntlet | Found a transporter.
 17603 | Gauntlet | Found a transporter.
 17640 | Gauntlet | Found a transporter.
 17642 | Gauntlet | Found a transporter.
 17650 | Gauntlet | Found a transporter.
 17654 | Gauntlet | Found a transporter.
 17656 | Gauntlet | Noticed a dire elephant
 17662 | Gauntlet | Found a transporter.
 17683 | Gauntlet | Found a transporter.
 17700 | Gauntlet | Found a transporter.
 17704 | Gauntlet | Found a transporter.
 17712 | Gauntlet | Found a transporter.
 17716 | Gauntlet | Found a transporter.
 18071 | Gauntlet | Gained mutation: You have a pair of small antennae on your
                  | head. [potion of mutation]
 18072 | Gauntlet | Demolished by a dire elephant

Illustrated notes

Levels and vault maps discovered:
D:1:      reono_arrival_forest_river, layout_basic,
          ebering_ecumenical_altar_mist, serial_bayou_pond_e,
          minmay_pentomino_p2
D:2:      layout_loops_corners, uniq_jessica
D:3:      layout_basic, mainiacjoe_overflow_concentric_impassable,
          lemuel_round_altar, minmay_misc_feat_enclosed
D:4:      layout_basic, serial_bayou, serial_bayou_crossing,
          serial_bayou_pond_c, serial_bayou_shore_a, serial_bayou_pond_c,
          serial_bayou_ford_a, uniq_sigmund
D:5:      layout_loops_cross, minmay_temple_entry_junction_2
D:6:      layout_rooms, uniq_eustachio, uniq_edmund, uniq_menkaure, uniq_grinder
D:7:      layout_layer_cave, cheibriados_altar_1,
          mainiacjoe_overflow_divided_tiny, gammafunk_ghost_necromancy,
          serial_shops, nicolae_shop_advertising_works
          [nicolae_subvault_shop_adworks], due_unseen_surprise
D:8:      layout_layer_cave, vehumet_crystals, serial_shops, shop_fountains
D:9:      layout_irregular_city, david_orc_5
D:10:     layout_layer_cave, mainiacjoe_overflow_tiny_flanked,
          dpeg_lair_monsters, minmay_door_square, st_stairs_8,
          grunt_ministairs_3, minmay_radiant, uniq_erolcha
D:11:     layout_basic
Lair:1:   layout_regular_city, gauntlet_entry_generic, st_stairs_12,
          grunt_megastairs_1
Gauntlet: minmay_gauntlet_77_indecision
          [minmay_gauntlet_arena_77_chump_sandwich,
          minmay_gauntlet_arena_77_two_paths,
          minmay_gauntlet_arena_77_double_cross,
          minmay_gauntlet_arena_77_two_lines, minmay_gauntlet_arena_77_mirror,
          minmay_gauntlet_arena_77_terracotta_army, gauntlet_exit_green]

Skill      XL: |  1  2  3  4  5  6  7  8  9 10 11 |
---------------+----------------------------------+-----
Fighting       | 1 2 4 6 7 |  7.7
Spellcasting   | 3 4 5 6 8 |  8.0
Invocations    | 1 2 4 6 |  6.0
Air Magic      | 6 8 9 10 11 | 11.0
Dodging        | 4 6 7 8 |  8.0
Conjurations   | 3 6 |  6.0
Stealth        | 4 |  4.0
Summonings     | 3 |  3.0
Evocations     | 5 |  5.0
Short Blades   | 3 |  3.0
Armour         | 3 |  3.0

Action                   |  1- 3 |  4- 6 |  7- 9 | 10-12 || total
-------------------------+-------+-------+-------+-------++-------
Melee: Short sword       |     8 |    11 |    31 |       ||    50
       Kick              |     1 |     6 |    15 |    39 ||    61
       Peck              |     1 |     1 |    11 |    19 ||    32
       Whip              |       |       |    11 |       ||    11
       Dagger            |       |       |       |    88 ||    88
Throw: Throwing net      |       |       |       |     1 ||     1
 Cast: Shock             |    92 |    69 |    19 |    18 ||   198
       Mephitic Cloud    |       |     2 |       |     1 ||     3
       Airstrike         |       |     8 |   114 |   163 ||   285
       Summon Small Mamm |       |       |     1 |     1 ||     2
Invok: Channel Magic     |       |       |       |     3 ||     3
Evoke: Wand              |       |       |       |     5 ||     5
       Box of beasts     |       |       |       |     1 ||     1
  Use: Scroll            |       |     1 |     3 |    11 ||    15
       Potion            |       |     1 |       |     7 ||     8
Armor: Robe              |     3 |     2 |     6 |     2 ||    13
       Troll leather arm |       |       |       |     2 ||     2
       Skin              |       |       |       |     1 ||     1
Dodge: Dodged            |     4 |    34 |    92 |    99 ||   229
Block: Orb               |       |       |       |    10 ||    10
       Reflection        |       |       |       |     1 ||     1
